 Dungeon Crawl Stone Soup version 0.31.0-32-g396128a36d (webtiles) character file.

Game seed: 5802067608122952320

79 PaiMei the Purveyor of Pain (level 4, -3/32 HPs)
             Began as a Demonspawn Necromancer on Mar 29, 2024.
             Was an Initiate of Kikubaaqudgha.
             Killed by divine providence
             ... invoked by an orc priest
              (8 damage)
             ... on level 3 of the Dungeon.
             The game lasted 00:02:45 (1713 turns).

PaiMei the Purveyor of Pain (DsNe)                  Turns: 1713, Time: 00:02:45

Health: -3/32      AC:  7    Str:  9    XL:     4   Next: 17%
Magic:  5/8        EV: 12    Int: 17    God:    Kikubaaqudgha [......]
Gold:   108        SH:  4    Dex: 13    Spells: 4/8 levels left

rFire   . . .        l - +0 trident
rCold   . . .        (no shield)
rNeg    . . .        a - +0 robe
rPois   .            (no helmet)
rElec   .            (no cloak)
rCorr   .            (no gloves)
SInv    .            k - +0 pair of boots
Will    .....        (no amulet)
Stlth   ++           n - +4 ring of protection
HPRegen 0.25/turn    (no ring)
MPRegen 0.11/turn

%: no passive effects
@: no status effects
A: foul stench 1, condensation shield
a: Renounce Religion


You were on level 3 of the Dungeon.
You worshipped Kikubaaqudgha.
Kikubaaqudgha was noncommittal.
You visited 1 branch of the dungeon, and saw 4 of its levels.

You collected 108 gold pieces.

Inventory:

Hand Weapons
 c - a +0 dagger
 l - a +0 trident (weapon)
Missiles
 j - 3 poisoned darts
 p - 3 javelins
Armour
 a - a +0 robe (worn)
 d - a +0 scale mail
 k - a +0 pair of boots (worn)
Jewellery
 n - a +4 ring of protection (left hand)
Scrolls
 e - a scroll of teleportation {unknown}
 g - a scroll of fear {unknown}
 h - a scroll of vulnerability {unknown}
 m - a scroll of enchant armour {unknown}
 o - a scroll of identify {unknown}
Potions
 b - a potion of magic
 f - a potion of curing {unknown}
 i - a potion of heal wounds {unknown}


   Skills:
 + Level 1.3 Fighting
 + Level 2.5 Dodging
 - Level 2.0 Stealth
 + Level 2.6 Spellcasting
 + Level 4.9 Necromancy


You had 4 spell levels left.
You knew the following spells:

 Your Spells              Type           Power      Damage    Failure   Level
a - Necrotise             Necr           76%        1d7       2%          1
b - Vampiric Draining     Necr           19%        2d7       7%          3

Your spell library contained the following spells:

 Spells                   Type           Power      Damage    Failure   Level
 Apportation              Tloc           4%         N/A       19%         1
 Animate Dead             Necr           19%        N/A       24%         4
 Jinxbite                 Hex            4%         N/A       26%         2
 Curse of Agony           Necr           19%        N/A       54%         5
 Alistair's Intoxication  Alch           1%         N/A       99%         5


Dungeon Overview and Level Annotations

Branches:
Dungeon (4/15)
 Temple: D:4-7

Altars:
Kikubaaqudgha


Innate Abilities, Weirdness & Mutations

You may rarely emit foul miasma when damaged in melee.
A meltable shield of frost defends you. (SH +4)


Message History

Confirm with . or Enter, or press ? or * to list all spells.
Aiming: Necrotise (safe; 2% risk of failure)
Press: ? - help, Shift-Dir - straight line, f - orc
Aim: an orc, wielding a +0 club and wearing a +0 scale mail (chance to affect: 89%)
The orc writhes in agony.
You block the bat's attack. The bat hits your orc skeleton.
The bat hits you but does no damage. The hobgoblin closely misses you.
The orc hits you with a +0 club.
* * * LOW HITPOINT WARNING * * *
Casting: Necrotise (safe; 2% risk of failure)
Confirm with . or Enter, or press ? or * to list all spells.
Aiming: Necrotise (safe; 2% risk of failure)
Press: ? - help, Shift-Dir - straight line, f/p - orc
Aim: an orc, wielding a +0 club and wearing a +0 scale mail (moderately wounded, chance to affect: 89%)
The orc writhes in agony!
You kill the orc!
Kikubaaqudgha accepts your kill.
The dead are walking!
The bat hits you but does no damage. The bat closely misses you.
Your orc skeleton hits the hobgoblin but does no damage.
The hobgoblin closely misses you.
You swap places.
The bat hits your orc skeleton.
The orc wizard hits your orc skeleton with a +0 dagger.
Your orc skeleton hits the hobgoblin but does no damage.
The hobgoblin hits you but does no damage.
Things that are here:
a +0 club; a +0 scale mail The orc wizard hits your orc skeleton with a +0 dagger.
Your orc skeleton is destroyed!
You block the bat's attack.
You closely miss the bat. The bat hits you but does no damage.
The orc wizard hits your orc skeleton with a +0 dagger.
The hobgoblin barely misses you. The bat barely misses you.
Your orc skeleton closely misses the hobgoblin.
The orc wizard hits your orc skeleton with a +0 dagger.
Your orc skeleton is destroyed!
The bat closely misses you.
The orc priest mumbles some strange prayers to Beogh against you.
Beogh smites you!
You die...
Kikubaaqudgha rasps: "You have failed me!
Welcome... death!"

.................#
##.......####..#
##.#........#..###
.###.......#....#
.#..............
#.#.#.....##.#.
###.#.#..#..# #
#...[....#รท.#
#.#...g.@...#
#.#.ob##.##^..... #
#...##.####.##.
..##.#..b)>)# .#
.............#..# #
..........#..#..# .#
..#o#.##.#..#..###..
# .....
#.#.........#..
#...##.......###...#


You could see an orc priest, a hobgoblin and a bat.

Vanquished Creatures
  A hound (D:3)
  2 dart slugs (D:1)
  A ribbon worm (D:3)
  4 orcs
  3 giant cockroaches (D:1)
  5 goblins
  3 quokkas (D:1)
  2 ball pythons (D:1)
  3 bats
  3 frilled lizards
  3 kobolds
  3 rats
33 creatures vanquished.

Vanquished Creatures (collateral kills)
  An orc (D:4)
  A kobold (D:1)
  A rat (D:1)
3 creatures vanquished.

Vanquished Creatures (others)
  A human (D:3)
1 creature vanquished.

Grand Total: 37 creatures vanquished

Notes
Turn   | Place    | Note
-------+----------+-------------------------------------------
     0 | D:1      | PaiMei the Demonspawn Necromancer began the quest for the
                  | Orb.
     0 | D:1      | Reached XP level 1. HP: 13/13 MP: 3/3
   233 | D:1      | Gained mutation: A meltable shield of frost defends you.
                  | (SH +4) [demonic ancestry]
   233 | D:1      | Reached XP level 2. HP: 10/19 MP: 0/5
  1016 | D:2      | Reached XP level 3. HP: 25/25 MP: 3/6
  1020 | D:2      | Learned a level 3 spell: Vampiric Draining
  1130 | D:2      | You fall into a shaft and drop 2 floors!
  1206 | D:3      | Reached skill level 1 in Fighting
  1318 | D:3      | Found an ancient bone altar of Kikubaaqudgha.
  1324 | D:3      | Noticed a human
  1325 | D:3      | Killed a human
  1327 | D:3      | Became a worshipper of Kikubaaqudgha
  1366 | D:3      | Gained mutation: You may rarely emit foul miasma when
                  | damaged in melee. [demonic ancestry]
  1366 | D:3      | Reached XP level 4. HP: 32/32 MP: 2/7
  1713 | D:3      | Killed from afar by an orc priest

Illustrated notes

Levels and vault maps discovered:
D:1:      lemuel_arrival_river_bridge, layout_basic
D:2:      minmay_general_purpose_star, layout_loops_ring, basic_altar
D:3:      layout_loops_ring, tgw_kikubaaqudgha, grunt_ministairs_1,
          lemuel_flame_loot_1
D:4:      layout_gridville, minmay_tree_intersection, st_stairs_13,
          ebering_dispersal_statue_hall, uniq_pikel, uniq_edmund

Skill      XL: |  1  2  3 |
---------------+----------+-----
Stealth        | 2 |  2.0
Dodging        | 2 |  2.5
Fighting       | 1 |  1.3
Spellcasting   | |  2.6
Necromancy     | |  4.9

Action                     |  1- 3 |  4- 6 || total
---------------------------+-------+-------++-------
  Melee: Dagger            |     9 |       ||     9
         Trident           |    33 |     7 ||    40
   Cast: Necrotise         |    46 |     8 ||    54
         Vampiric Draining |     1 |       ||     1
 Armour: Robe              |    30 |    23 ||    53
  Dodge: Dodged            |    38 |    18 ||    56
  Block: Other             |     9 |     2 ||    11
